TOP OF THE 1ST |
Tuscaloosa Trout Slayers batting - Pitching for Indiana Hounds : RHP Claudio Martínez
|
Pitching: RHP Claudio Martínez
|
|
Batting: LHB Albert Morgan
|
0-0: Ball 1-0: Foul Ball, location: 2F 1-1: Ball 2-1: Ball 3-1: Foul Ball, location: 2F 3-2: Base on Balls
|
Batting: RHB Pat Fullerton
|
0-0: Foul Ball, location: 2F 0-1: Ball 1-1: Ball 2-1: Foul Ball, location: 2F 2-2: Foul Ball, location: 2F 2-2: Foul Ball, location: 2F 2-2: DOUBLE (Flyball, 78XD) Albert Morgan to third
|
Batting: RHB Owen Carter
|
0-0: Ball 1-0: Ground out 5-3 (Groundball, 5S)
|
Batting: LHB Ricardo Berroa
|
0-0: Ball 1-0: Foul Ball, location: 2F 1-1: Ball 2-1: Ball 3-1: Foul Ball, location: 2F 3-2: Base on Balls
|
Batting: RHB Pedro Rodríguez
|
0-0: Ball 1-0: Ball 2-0: Foul Ball, location: 2F 2-1: Ball 3-1: Swinging Strike 3-2: Base on Balls Albert Morgan scores Pat Fullerton to third Ricardo Berroa to second
|
Batting: RHB Lawrence Yates
|
0-0: Ball 1-0: Called Strike 1-1: Swinging Strike 1-2: Foul Ball, location: 2F 1-2: Strikes out swinging
|
Batting: RHB Shigemasa Ishida
|
0-0: Swinging Strike 0-1: Ball 1-1: Foul Ball, location: 2F 1-2: Strikes out looking
|
Top of the 1st over - 1 run(s), 1 hit(s), 0 error(s), 3 left on base; Tuscaloosa 1 - Indiana 0 |
BOTTOM OF THE 1ST |
Indiana Hounds batting - Pitching for Tuscaloosa Trout Slayers : RHP Stephen Puckett
|
Pitching: RHP Stephen Puckett
|
|
Batting: RHB Víctor Chávez
|
0-0: Ball 1-0: Swinging Strike 1-1: Ball 2-1: Foul Ball, location: 2F 2-2: Strikes out looking
|
Batting: RHB Will Brown
|
0-0: Fly out, F8 (Flyball, 8RM)
|
Batting: RHB Doug Murray
|
0-0: Foul Ball, location: 2F 0-1: Ball 1-1: Foul Ball, location: 2F 1-2: Ball 2-2: Foul Ball, location: 2F 2-2: SINGLE (Flyball, 78S)
|
Batting: RHB Barney Lawson
|
0-0: Ball Doug Murray is caught stealing 2nd base
|
Bottom of the 1st over - 0 run(s), 1 hit(s), 0 error(s), 0 left on base; Tuscaloosa 1 - Indiana 0 |
TOP OF THE 2ND |
Tuscaloosa Trout Slayers batting - Pitching for Indiana Hounds : RHP Claudio Martínez
|
Batting: RHB Jason Saunders
|
0-0: Ball 1-0: Ball 2-0: Fly out, F7 (Line Drive, 7M)
|
Batting: RHB John Moore
|
0-0: Called Strike 0-1: Called Strike 0-2: Foul Ball, location: 2F 0-2: Foul Ball, location: 2F 0-2: Ball 1-2: Strikes out swinging
|
Batting: LHB Albert Morgan
|
0-0: Swinging Strike 0-1: Foul Ball, location: 2F 0-2: Strikes out swinging
|
Top of the 2nd over - 0 run(s), 0 hit(s), 0 error(s), 0 left on base; Tuscaloosa 1 - Indiana 0 |
BOTTOM OF THE 2ND |
Indiana Hounds batting - Pitching for Tuscaloosa Trout Slayers : RHP Stephen Puckett
|
Batting: RHB Barney Lawson
|
0-0: Foul Ball, location: 2F 0-1: SINGLE (Line Drive, 56D)
|
Batting: RHB Danny Walker
|
0-0: Ball 1-0: Called Strike 1-1: Called Strike 1-2: Foul Ball, location: 2F 1-2: Strikes out swinging
|
Batting: RHB António Venecia
|
0-0: Called Strike 0-1: Fly out, F9 (Flyball, 9M)
|
Batting: LHB Clint Parkinson
|
0-0: Called Strike 0-1: Ball 1-1: Fielders Choice at 2nd, 6-4 (Groundball, 6)
|
Bottom of the 2nd over - 0 run(s), 1 hit(s), 0 error(s), 0 left on base; Tuscaloosa 1 - Indiana 0 |
TOP OF THE 3RD |
Tuscaloosa Trout Slayers batting - Pitching for Indiana Hounds : RHP Claudio Martínez
|
Batting: RHB Pat Fullerton
|
0-0: Ball 1-0: Ball 2-0: Foul Ball, location: 2F 2-1: SOLO HOME RUN (Flyball, 7D), Distance : 357 ft
|
Batting: RHB Owen Carter
|
0-0: Ball 1-0: Ball 2-0: SINGLE (Line Drive, 8RS)
|
Batting: LHB Ricardo Berroa
|
0-0: Foul Ball, location: 2F 0-1: Ball 1-1: Ball 2-1: Swinging Strike 2-2: Foul Ball, location: 2F 2-2: Foul Ball, location: 2F 2-2: DOUBLE (Line Drive, 6M) Owen Carter to third
|
Batting: RHB Pedro Rodríguez
|
0-0: Ball 1-0: Swinging Strike 1-1: Swinging Strike 1-2: Ball 2-2: Foul Ball, location: 2F 2-2: Ground out 4-3 (Groundball, 4M) Owen Carter scores Ricardo Berroa to third
|
Batting: RHB Lawrence Yates
|
0-0: SINGLE (Line Drive, 8LS) Ricardo Berroa scores
|
Batting: RHB Shigemasa Ishida
|
0-0: Called Strike 0-1: Grounds into double play, 5-4-3 (Groundball, 56)
|
Top of the 3rd over - 3 run(s), 4 hit(s), 0 error(s), 0 left on base; Tuscaloosa 4 - Indiana 0 |
BOTTOM OF THE 3RD |
Indiana Hounds batting - Pitching for Tuscaloosa Trout Slayers : RHP Stephen Puckett
|
Batting: LHB Pepe Vázquez
|
0-0: Swinging Strike 0-1: Ball 1-1: Swinging Strike 1-2: Ball 2-2: Ball 3-2: Base on Balls
|
Batting: RHB Paco Castillo
|
0-0: Ball 1-0: Ball 2-0: Ball Pepe Vázquez steals 2nd base 3-0: Called Strike 3-1: Foul Ball, location: 2F 3-2: Fly out, F8 (Flyball, 8LS)
|
Batting: RHB Víctor Chávez
|
0-0: Called Strike 0-1: Fly out, F8 (Flyball, 8LM)
|
Batting: RHB Will Brown
|
0-0: Ball 1-0: Called Strike 1-1: Ball 2-1: Ball 3-1: Called Strike 3-2: Strikes out swinging
|
Bottom of the 3rd over - 0 run(s), 0 hit(s), 0 error(s), 1 left on base; Tuscaloosa 4 - Indiana 0 |
TOP OF THE 4TH |
Tuscaloosa Trout Slayers batting - Pitching for Indiana Hounds : RHP Claudio Martínez
|
Batting: RHB Jason Saunders
|
0-0: Called Strike 0-1: Fly out, F4 (Popup, 4MD)
|
Batting: RHB John Moore
|
0-0: Called Strike 0-1: Ball 1-1: Ball 2-1: Swinging Strike 2-2: Strikes out swinging
|
Batting: LHB Albert Morgan
|
0-0: Foul Ball, location: 2F 0-1: Ball 1-1: Foul Ball, location: 2F 1-2: Ball 2-2: Foul Ball, location: 2F 2-2: Ball 3-2: Foul Ball, location: 2F 3-2: Base on Balls
|
Batting: RHB Pat Fullerton
|
0-0: Called Strike 0-1: Ball 1-1: Foul Ball, location: 2F 1-2: Ball 2-2: Foul Ball, location: 2F 2-2: Ground out 6-3 (Groundball, 6)
|
Top of the 4th over - 0 run(s), 0 hit(s), 0 error(s), 1 left on base; Tuscaloosa 4 - Indiana 0 |
BOTTOM OF THE 4TH |
Indiana Hounds batting - Pitching for Tuscaloosa Trout Slayers : RHP Stephen Puckett
|
Batting: RHB Doug Murray
|
0-0: Called Strike 0-1: Fly out, F8 (Line Drive, 8LD)
|
Batting: RHB Barney Lawson
|
0-0: Foul Ball, location: 2F 0-1: Called Strike 0-2: Ball 1-2: Fly out, F8 (Flyball, 8RS)
|
Batting: RHB Danny Walker
|
0-0: Called Strike 0-1: Called Strike 0-2: Ball 1-2: Ball 2-2: Strikes out swinging
|
Bottom of the 4th over - 0 run(s), 0 hit(s), 0 error(s), 0 left on base; Tuscaloosa 4 - Indiana 0 |
TOP OF THE 5TH |
Tuscaloosa Trout Slayers batting - Pitching for Indiana Hounds : RHP Claudio Martínez
|
Pitching: LHP Dennis Taylor
|
|
Batting: RHB Owen Carter
|
0-0: Ball 1-0: Ball 2-0: Called Strike 2-1: Ball 3-1: SINGLE (Flyball, 6MD)
|
Batting: LHB Ricardo Berroa
|
0-0: Foul Ball, location: 2F 0-1: Foul Ball, location: 2F 0-2: Foul Ball, location: 2F 0-2: Ground out 4-3 (Groundball, 34S) Owen Carter to second
|
Batting: RHB Pedro Rodríguez
|
0-0: Called Strike 0-1: Ball 1-1: Ground out 6-3 (Groundball, 6)
|
Batting: RHB Lawrence Yates
|
0-0: Foul Ball, location: 2F 0-1: Called Strike 0-2: Foul Ball, location: 2F 0-2: Foul Ball, location: 2F 0-2: Ball 1-2: Fly out, F8 (Flyball, 89M)
|
Top of the 5th over - 0 run(s), 1 hit(s), 0 error(s), 1 left on base; Tuscaloosa 4 - Indiana 0 |
BOTTOM OF THE 5TH |
Indiana Hounds batting - Pitching for Tuscaloosa Trout Slayers : RHP Stephen Puckett
|
Batting: RHB António Venecia
|
0-0: Called Strike 0-1: Called Strike 0-2: Ball 1-2: Ball 2-2: Strikes out looking
|
Batting: LHB Clint Parkinson
|
0-0: DOUBLE (Flyball, 8RXD)
|
Batting: LHB Pepe Vázquez
|
0-0: Called Strike 0-1: Swinging Strike 0-2: Ball 1-2: Foul Ball, location: 2F 1-2: Ball 2-2: Foul Ball, location: 2F 2-2: SINGLE (Flyball, 8LS) Clint Parkinson to third Runner from 3rd tries for Home, SAFE, throw made home Pepe Vázquez to second
|
Now in CF: Lowie van den Bogaert
|
|
Batting: RHB Paco Castillo
|
0-0: Called Strike 0-1: Swinging Strike 0-2: Fly out, F8 (Flyball, 8LD) Runner from 2nd tags up, SAFE at 3rd, no throw
|
Batting: RHB Víctor Chávez
|
0-0: Ball 1-0: Called Strike 1-1: Ball 2-1: Ball 3-1: Foul Ball, location: 2F 3-2: DOUBLE (Line Drive, 8LM) Pepe Vázquez scores
|
Batting: RHB Will Brown
|
0-0: Fly out, F9 (Flyball, 89D)
|
Bottom of the 5th over - 2 run(s), 3 hit(s), 0 error(s), 1 left on base; Tuscaloosa 4 - Indiana 2 |
TOP OF THE 6TH |
Tuscaloosa Trout Slayers batting - Pitching for Indiana Hounds : LHP Dennis Taylor
|
Batting: RHB Shigemasa Ishida
|
0-0: Ball 1-0: Foul Ball, location: 2F 1-1: Called Strike 1-2: Foul Ball, location: 2F 1-2: Strikes out swinging
|
Batting: RHB Jason Saunders
|
0-0: Ball 1-0: Foul Ball, location: 2F 1-1: Ball 2-1: Ball 3-1: SINGLE (Line Drive, 9S)
|
Batting: RHB John Moore
|
0-0: Ball 1-0: Ball 2-0: Called Strike 2-1: Called Strike 2-2: Strikes out swinging
|
Batting: LHB Albert Morgan
|
0-0: Called Strike 0-1: Ball 1-1: Called Strike 1-2: Ball 2-2: Strikes out looking
|
Top of the 6th over - 0 run(s), 1 hit(s), 0 error(s), 1 left on base; Tuscaloosa 4 - Indiana 2 |
BOTTOM OF THE 6TH |
Indiana Hounds batting - Pitching for Tuscaloosa Trout Slayers : RHP Stephen Puckett
|
Batting: RHB Doug Murray
|
0-0: Ball 1-0: Swinging Strike 1-1: DOUBLE (Line Drive, 7LS)
|
Batting: RHB Barney Lawson
|
0-0: Ball 1-0: Foul Ball, location: 2F 1-1: Called Strike 1-2: Ball 2-2: Reached on error, E3 (Groundball, 3) Doug Murray to third
|
Batting: RHB Danny Walker
|
0-0: Ball 1-0: Called Strike 1-1: Ball 2-1: Foul Ball, location: 2F 2-2: Foul Ball, location: 2F 2-2: Fly out, F7 (Flyball, 78D) Runner from 3rd tags up, SCORES, no throw
|
Batting: RHB António Venecia
|
0-0: Swinging Strike 0-1: Called Strike 0-2: Strikes out swinging
|
Batting: LHB Clint Parkinson
|
0-0: Ball Barney Lawson steals 2nd base 1-0: Swinging Strike 1-1: Foul Ball, location: 2F 1-2: Fly out, F8 (Flyball, 8LM)
|
Bottom of the 6th over - 1 run(s), 1 hit(s), 1 error(s), 1 left on base; Tuscaloosa 4 - Indiana 3 |
TOP OF THE 7TH |
Tuscaloosa Trout Slayers batting - Pitching for Indiana Hounds : LHP Dennis Taylor
|
Pitching: RHP Alvin Heath
|
|
Batting: RHB Pat Fullerton
|
0-0: Ball 1-0: Swinging Strike 1-1: Ball 2-1: Foul Ball, location: 2F 2-2: Strikes out looking
|
Pitching: LHP Keith Hill
|
|
Batting: RHB Owen Carter
|
0-0: Swinging Strike 0-1: Ball 1-1: Ball 2-1: Foul Ball, location: 2F 2-2: Foul Ball, location: 2F 2-2: Strikes out swinging
|
Batting: LHB Ricardo Berroa
|
0-0: Called Strike 0-1: Swinging Strike 0-2: Ball 1-2: Fly out, F9 (Flyball, 89S)
|
Top of the 7th over - 0 run(s), 0 hit(s), 0 error(s), 0 left on base; Tuscaloosa 4 - Indiana 3 |
BOTTOM OF THE 7TH |
Indiana Hounds batting - Pitching for Tuscaloosa Trout Slayers : RHP Stephen Puckett
|
Pitching: LHP Pedro Flores
|
|
Batting: LHB Pepe Vázquez
|
0-0: Ball 1-0: Called Strike 1-1: Called Strike 1-2: Ball 2-2: Foul Ball, location: 2F 2-2: Foul Ball, location: 2F 2-2: SINGLE (Line Drive, 7S)
|
Batting: RHB Paco Castillo
|
0-0: Fly out, F6 (Popup, 4M)
|
Pinch Hitting: RHB Marc Ploughman
|
0-0: SINGLE (Groundball, 6MD) Pepe Vázquez to second Runner from 2nd tries for 3rd, SAFE, throw made to third
|
Batting: RHB Will Brown
|
0-0: Ball Pickoff Throw to First - Out! 1-0: Ball 2-0: Ball 3-0: Base on Balls
|
Batting: RHB Doug Murray
|
0-0: Swinging Strike 0-1: Foul Ball, location: 2F 0-2: Strikes out swinging
|
Bottom of the 7th over - 0 run(s), 2 hit(s), 0 error(s), 2 left on base; Tuscaloosa 4 - Indiana 3 |
TOP OF THE 8TH |
Tuscaloosa Trout Slayers batting - Pitching for Indiana Hounds : LHP Keith Hill
|
Now at 1B: Marc Ploughman
|
|
Batting: RHB Pedro Rodríguez
|
0-0: Ball 1-0: Ball 2-0: Called Strike 2-1: Foul Ball, location: 2F 2-2: Strikes out swinging
|
Batting: RHB Lowie van den Bogaert
|
0-0: Ball 1-0: Ball 2-0: Foul Ball, location: 2F 2-1: Foul Ball, location: 2F 2-2: Ground out 4-3 (Groundball, 4M)
|
Batting: RHB Shigemasa Ishida
|
0-0: Called Strike 0-1: SOLO HOME RUN (Line Drive, 89D), Distance : 385 ft
|
Batting: RHB Jason Saunders
|
0-0: Ball 1-0: Swinging Strike 1-1: Foul Ball, location: 2F 1-2: Ball 2-2: Strikes out swinging
|
Top of the 8th over - 1 run(s), 1 hit(s), 0 error(s), 0 left on base; Tuscaloosa 5 - Indiana 3 |
BOTTOM OF THE 8TH |
Indiana Hounds batting - Pitching for Tuscaloosa Trout Slayers : LHP Pedro Flores
|
Now at 1B: Alberto Pérez
|
|
Batting: RHB Barney Lawson
|
0-0: Ball 1-0: Fly out, F2 (Popup, 2RF)
|
Batting: RHB Danny Walker
|
0-0: Fly out, F8 (Line Drive, 8RS)
|
Batting: RHB António Venecia
|
0-0: Ball 1-0: SINGLE (Line Drive, 8RS)
|
Pitching: RHP Alfonso Martínez
|
|
Batting: LHB Clint Parkinson
|
0-0: Foul Ball, location: 2F 0-1: Foul Ball, location: 2F 0-2: Foul Ball, location: 2F 0-2: Foul Ball, location: 2F 0-2: Ball 1-2: Strikes out looking
|
Bottom of the 8th over - 0 run(s), 1 hit(s), 0 error(s), 1 left on base; Tuscaloosa 5 - Indiana 3 |
TOP OF THE 9TH |
Tuscaloosa Trout Slayers batting - Pitching for Indiana Hounds : LHP Keith Hill
|
Pitching: LHP Pedro Torres
|
|
Batting: RHB John Moore
|
0-0: Called Strike 0-1: Foul Ball, location: 2F 0-2: Fly out, F8 (Flyball, 8LS)
|
Batting: LHB Albert Morgan
|
0-0: Called Strike 0-1: Foul Ball, location: 2F 0-2: Foul Ball, location: 2F 0-2: Ball 1-2: Foul Ball, location: 2F 1-2: SOLO HOME RUN (Flyball, 8RXD), Distance : 416 ft
|
Batting: RHB Pat Fullerton
|
0-0: Foul Ball, location: 2F 0-1: Foul Ball, location: 2F 0-2: Foul Ball, location: 2F 0-2: Ball 1-2: Ball 2-2: Foul Ball, location: 2F 2-2: Foul Ball, location: 2F 2-2: Fly out, F6 (Popup, 6M)
|
Batting: RHB Owen Carter
|
0-0: Ball 1-0: Ball 2-0: Ball 3-0: Called Strike 3-1: Called Strike 3-2: Ground out 5-3 (Groundball, 56)
|
Top of the 9th over - 1 run(s), 1 hit(s), 0 error(s), 0 left on base; Tuscaloosa 6 - Indiana 3 |
BOTTOM OF THE 9TH |
Indiana Hounds batting - Pitching for Tuscaloosa Trout Slayers : RHP Alfonso Martínez
|
Pitching: RHP John Charles
|
|
Batting: LHB Pepe Vázquez
|
0-0: Ball 1-0: Ground out 6-3 (Groundball, 6M)
|
Batting: RHB Paco Castillo
|
0-0: Called Strike 0-1: Hit by Pitch
|
Batting: RHB Marc Ploughman
|
0-0: Called Strike 0-1: Ball 1-1: Foul Ball, location: 2F 1-2: Reached on error, E6 (Groundball, 6) Paco Castillo to second
|
Batting: RHB Will Brown
|
0-0: Ball 1-0: Ball 2-0: Ball 3-0: Base on Balls Paco Castillo to third Marc Ploughman to second
|
Pinch Hitting: LHB Diego Torres
|
0-0: SINGLE (Line Drive, 9LS) Paco Castillo scores Marc Ploughman to third Will Brown to second
|
Batting: RHB Barney Lawson
|
0-0: Ball Wild Pitch! Marc Ploughman scores Will Brown to third Diego Torres to second 1-0: Ball 2-0: Called Strike 2-1: Ball 3-1: Foul Ball, location: 2F 3-2: Foul Ball, location: 2F 3-2: Foul Ball, location: 2F 3-2: Foul Ball, location: 2F 3-2: Base on Balls
|
Pinch Hitting: RHB Jorge Rodríguez
|
0-0: Ball 1-0: Swinging Strike 1-1: Foul Ball, location: 2F 1-2: Strikes out swinging
|
Pinch Hitting: LHB Dave Helásquez
|
0-0: Swinging Strike 0-1: Ball 1-1: Fly out, F5 (Popup, 5S)
|
Bottom of the 9th over - 2 run(s), 1 hit(s), 1 error(s), 3 left on base; Tuscaloosa 6 - Indiana 5 |
|